 Dungeon Crawl Stone Soup version 0.29-a0-378-gc08b2e8bf8 (webtiles) character file.

Game seed: 15874531521814398822

222 KateP the Shield-Bearer (level 6, 0/48 HPs)
             Began as a Formicid Fighter on May 4, 2022.
             Slain by Edmund
             ... wielding a +3 dire flail of protection
              (8 damage)
             ... on level 4 of the Dungeon.
             The game lasted 00:03:31 (3084 turns).

KateP the Shield-Bearer (Formicid Fighter)          Turns: 3084, Time: 00:03:31

Health: 0/48       AC:  8    Str: 23    XL:     6   Next: 19%
Magic:  6/6        EV:  9    Int:  9    God:
Gold:   154        SH:  5    Dex: 13    Spells: 5/5 levels left

rFire   . . .      SeeInvis +   p - +2 dagger of the New World {drain, Int+2 Dex+3 Stlth+}
rCold   . . .      Faith    .   c - +0 buckler
rNeg    . . .      Spirit   .   b - +0 scale mail
rPois   .          Reflect  .   (helmet unavailable)
rElec   .          Harm     .   (no cloak)
rCorr   .          Rampage  .   o - +0 pair of gloves
Will    .....                   (no boots)
Stlth   +.........              (no amulet)
HPRegen 0.16/turn               (no ring)
MPRegen 0.10/turn               (no ring)

@: no status effects
A: permanent stasis, dig shafts and tunnels, antennae 3, four strong arms
a: Dig, Shaft Self


You were on level 4 of the Dungeon.
You visited 1 branch of the dungeon, and saw 4 of its levels.

You collected 154 gold pieces.

Inventory:

Hand Weapons
 a - a +0 long sword
 p - the +2 dagger of the New World (weapon) {drain, Int+2 Dex+3 Stlth+}
   (You found it on level 2 of the Dungeon)

   A truly terrible weapon, it drains the life of any living foe it strikes.
   Int:       It affects your intelligence (+2).
   Dex:       It affects your dexterity (+3).
   Stlth:     It makes you more stealthy.
Armour
 b - a +0 scale mail (worn)
 c - a +0 buckler (worn)
 o - a +0 pair of gloves (worn)
Scrolls
 f - a scroll of amnesia {unknown}
 h - 5 scrolls of teleportation {unknown}
 i - 2 scrolls of silence {unknown}
 k - a scroll of noise {unknown}
 l - 2 scrolls of identify {unknown}
 r - a scroll of blinking {unknown}
 s - a scroll of brand weapon {unknown}
 t - 3 scrolls of poison {unknown}
Potions
 d - 3 potions of might
 e - a potion of cancellation {unknown}
 g - a potion of ambrosia {unknown}
 m - 3 potions of degeneration {unknown}
 n - a potion of heal wounds {unknown}
 q - a potion of brilliance {unknown}


   Skills:
 + Level 4.2 Fighting
 * Level 4.1 Long Blades
 + Level 4.2 Armour
 + Level 4.6 Shields


You had 5 spell levels left.
You didn't know any spells.
Your spell library contained the following spells:

 Spells                   Type           Power      Damage    Failure   Level
 Animate Skeleton         Necr           0%         N/A       77%         1
 Pain                     Necr           0%         1d4       77%         1
 Sting                    Tmut/Pois      0%         1d3       77%         1
 Ensorcelled Hibernation  Hex/Ice        0%         N/A       88%         2
 Passwall                 Tmut/Erth      0%         N/A       88%         2
 Poisonous Vapours        Pois/Air       0%         N/A       88%         2
 Vampiric Draining        Necr           0%         2d6       98%         3
 Olgreb's Toxic Radiance  Pois           0%         N/A       100%        4
 Swiftness                Air            Unusable   N/A       N/A         3

Dungeon Overview and Level Annotations

Branches:
Dungeon (4/15)
 Temple: D:4-7

Altars:
The Shining One

Annotations:
D:4 Edmund


Innate Abilities, Weirdness & Mutations

You cannot be hasted, slowed, berserked, paralysed or teleported.
You can dig through walls and to a lower floor.
You have a pair of large antennae on your head. (SInv)
Your four strong arms can wield two-handed weapons with a shield.


Message History

Edmund hits you with a +3 dire flail of protection.
You hit Edmund but do no damage.
Edmund is heavily wounded.
You completely miss Edmund.
Edmund is heavily wounded.
Edmund barely misses you.
You hit Edmund but do no damage.
Edmund is heavily wounded.
Edmund hits you with a +3 dire flail of protection.
You hit Edmund but do no damage.
Edmund is heavily wounded.
Edmund says, "I might not be good at magic, but I can still kill you!"
Edmund hits you with a +3 dire flail of protection!
* * * LOW HITPOINT WARNING * * *
You barely miss Edmund.
Edmund is heavily wounded.
Edmund hits you with a +3 dire flail of protection!
* * * LOW HITPOINT WARNING * * *
You feel better.
Edmund hits you with a +3 dire flail of protection.
* * * LOW HITPOINT WARNING * * *
You hit Edmund. You drain Edmund.
Edmund is severely wounded.
Edmund hits you but does no damage.
You hit Edmund but do no damage.
Edmund is severely wounded.
You block Edmund's attack.
You hit Edmund. You drain Edmund.
Edmund is severely wounded.
Edmund barely misses you.
You hit Edmund but do no damage. You drain Edmund.
Edmund is severely wounded.
Edmund barely misses you.
You hit Edmund but do no damage. You drain Edmund.
Edmund is almost dead.
Edmund closely misses you.
You hit Edmund but do no damage.
Edmund is almost dead.
Edmund hits you with a +3 dire flail of protection!
You die...

.....###.#
###......# ######.#
#.# #.# #.#
###.#### ### #
#......###.##.####
##.#.##.##..@@....#
.....##.###.##.##.#
###....#.###.# #
#..........#
#....#.#####
#.#.##.# #......#
### ####


You could see Edmund (very drained).

Vanquished Creatures
  Robin (D:3)
  10 adders
  4 gnolls
  2 worms
  5 orcs (D:3)
  5 ball pythons
  2 endoplasms (D:2)
  4 giant cockroaches
  7 goblins (D:3)
  14 hobgoblins
  5 kobolds
  4 quokkas
  3 bats
  2 frilled lizards
  5 rats
73 creatures vanquished.

Notes
Turn   | Place    | Note
-------+----------+-------------------------------------------
     0 | D:1      | KateP the Formicid Fighter began the quest for the Orb.
     0 | D:1      | Reached XP level 1. HP: 18/18 MP: 1/1
    25 | D:1      | Reached XP level 2. HP: 19/24 MP: 2/2
   209 | D:1      | Reached XP level 3. HP: 19/29 MP: 3/3
   864 | D:2      | Reached XP level 4. HP: 37/37 MP: 4/4
  1352 | D:2      | Identified the +2 dagger of the New World {drain, Int+2
                  | Dex+3 Stlth+}
  1972 | D:3      | Reached XP level 5. HP: 42/42 MP: 5/5
  2066 | D:3      | Found a faded altar of an unknown god.
  2559 | D:3      | Noticed Robin
  2584 | D:3      | Killed Robin
  2585 | D:3      | Reached XP level 6. HP: 44/48 MP: 6/6
  2990 | D:4      | Found a glowing golden altar of the Shining One.
  3041 | D:4      | Noticed Edmund
  3077 | D:4      | HP: 1/48 [Edmund/+3 dire flail of protection (9)]
  3084 | D:4      | Slain by Edmund

Illustrated notes

Levels and vault maps discovered:
D:1:      ebering_trefoil_3fold, layout_basic
D:2:      layout_basic, solitary_fountain
D:3:      layout_rooms, ebering_ecumenical_altar_abandoned, minivault_14,
          nicolae_underground_beach, uniq_robin
D:4:      layout_loops_corners, nicolae_tso_swordbearing_angel, serial_shops,
          nicolae_shop_overgrown_old_shop, minmay_a_box_with_orc_wizards_in_it,
          uniq_edmund, uniq_ijyb, uniq_pikel

Skill      XL: |  1  2  3  4  5 |
---------------+----------------+-----
Shields        | 4 |  4.6
Long Blades    | 3 4 |  4.1
Armour         | 4 |  4.2
Fighting       | 4 |  4.2

Action                   |  1- 3 |  4- 6 || total
-------------------------+-------+-------++-------
Melee: Long sword        |    69 |    43 ||   112
       Dagger            |       |   179 ||   179
  Use: Potion            |       |     1 ||     1
Armor: Scale mail        |    34 |    74 ||   108
Dodge: Dodged            |    48 |    83 ||   131
Block: Buckler           |    16 |    48 ||    64

Table legend: (Time is in decaauts)
 A = Elapsed time spent in this place.
 B = Non-inter-level travel time spent in this place.
 C = Inter-level travel time spent in this place.
 D = Time resting spent in this place.
 E = Time spent auto-exploring this place.
 F = Levels seen in this place.
 G = Mean time per level.
                   A        B        C        D        E       F      G
               +--------+--------+--------+--------+--------+-----+--------+
         Total |   3102 |   3102 |      0 |    206 |   2230 |   4 |  775.5 |
       Dungeon |   3102 |   3102 |      0 |    206 |   2230 |   4 |  775.5 |
               +--------+--------+--------+--------+--------+-----+--------+

Top non-repeatable levels by time:
     D:2: 1243 daAuts
     D:3: 973 daAuts
     D:1: 721 daAuts
     D:4: 163 daAuts
